← All builds
Air / Cortex / Economy first / OBSERVED BUILD

Standard air

Cortex Air build order · Supreme Isthmus

Economy-first air build: Aircraft Plant then Advanced Metal Extractor and Fusion Reactor, making transports and scouts for allies while transitioning into fighters and occasional bombers over the whole game.

Usually transports first (78%)

#eco #air #team support · 1486 distinct matches · 252 players · 81% of Cortex Air games · team won 46% of 1790 · Recently observed

HOW TO PLAY IT

Key timing: Aircraft Plant by 1:24

  1. Open 3 mex and wind, then drop Aircraft Plant early.
  2. Finish Aircraft Plant and start fighters for scouting and defense.
  3. Eat the Aircraft Plant once production needs outgrow it.
  4. Get Advanced Metal Extractor up to scale eco.
  5. Bring Fusion Reactor online and keep feeding transports, scouts, fighters to allies.

Phase by phase

TYPICAL OF ITS 1486 GAMES
  1. 1
  2. 2
  3. 3
PLAY THE OPENING

Follow the example game's first 6:00 step by step: what to build now, what comes next, and where it goes. At 1× it keeps pace with your own game.

  1. 1

    Up to the Aircraft Plant

    Economy
    • Metal Extractor3Mex
    • Wind Turbine4Wind
    Order
    1. Aircraft PlantAircraft Plant after 3 mex, 4 winddone ~1:26, middle half 1:14–1:35

    Some games also: energy storage (38%)

    By 1:07 in all: 3 mex · 4 wind

    The example game in this phase · 6 steps
    1. Mex ×3
    2. Wind ×3
    3. Solar
    4. Energy storage
    5. Wind ×2
    6. Aircraft PlantAircraft Plantdone 1:44 · typical 1:26
  2. 2

    Aircraft Plant to 5:00

    Economy
    • Metal Extractor1Mex
    • Wind Turbine9Wind
    • Wind Turbine3Wind
    Builders
    • Construction Turret2 Con turret
    • Construction Aircraft1 Con aircraft
    Army
    • Valiant5 Valiant
    • Hercules2 Light transport for allies
    • Finch2 Finch for allies
    • Finch1 Finch
    • Hephaestus1 Heavy transport for allies

    Some games also: shuriken (49%) · energy storage (45%) · converter (44%) · light transport (41%)

    By 5:00 in all: 3 mex · 1 mex · 13 wind · 3 wind · 1 energy storage · 2 con turret

    The example game in this phase · 14 steps
    1. HerculesLight transportfor Geo sea
    2. FinchFinchfor Beach sea
    3. HerculesLight transportfor Beach sea
    4. FinchFinchfor Geo sea
    5. ShurikenShuriken ×2
    6. Wind ×3
    7. ValiantValiant
    8. Wind ×2
    9. ValiantValiant
    10. HerculesLight transport ×2for Tech
    11. ValiantValiant
    12. Construction AircraftCon aircraft
    13. Mex
    14. Construction AircraftCon aircraft
  3. 3

    5:00 to 10:00

    Economy
    • Wind Turbine21Wind
    • Wind Turbine5Wind
    • Energy Converter6Converter
    Order
    1. Aircraft PlantEat Aircraft Plant
    2. Aircraft PlantAircraft Plant after 19 wind, 18 wind, 7 converterin 58% of games
    Builders
    • Construction Turret3 Con turret
    Army
    • Valiant9 Valiant

    Some games also: shuriken (48%) · fusion (38%) · con aircraft (35%) · light transport (31%)

    By 10:00 in all: 3 mex · 1 mex · 24 wind · 20 wind · 8 converter · 1 energy storage

    The example game in this phase · 97 steps
    1. Con turret
    2. ValiantValiant
    3. Wind
    4. ValiantValiant
    5. Wind
    6. ValiantValiant
    7. Con turret
    8. Advanced Metal ExtractorT2 mexdone 6:57 · typical 6:54
    9. Con turret
    10. ValiantValiant
    11. Wind ×3
    12. Advanced Metal ExtractorT2 mex
    13. Wind ×2
    14. ValiantValiant
    15. Wind ×2
    16. ValiantValiant
    17. Wind
    18. Con turret
    19. Wind
    20. Advanced Metal ExtractorT2 mex
    21. Wind
    22. Con turret
    23. Wind
    24. Advanced Metal ExtractorT2 mex
    25. Wind
    26. HephaestusHeavy transportfor Tech
    27. Wind ×3
    28. Fusion ReactorFusiondone 10:27 · typical 10:53
    29. Converter ×3
    30. ValiantValiant
    31. Converter ×2
    32. ValiantValiant
    33. Converter ×2
    34. ValiantValiant
    35. Converter ×2
    36. Aircraft PlantEat Aircraft Plantreclaimed for its metal
    37. Converter
    38. Fusion ReactorFusion
    39. Con turret
    40. Wind
    41. Converter ×7
    42. Con turret
    43. Converter
    44. Con turret
    45. Converter
    46. Con turret
    47. Converter
    48. Fusion ReactorFusion
    49. Con turret
    50. Converter
    51. Con turret ×2
    52. Converter
    53. Con turret ×2
    54. Converter
    55. Con turret ×3
    56. Converter
    57. Aircraft PlantAircraft Plantdone 12:39
    58. Converter
    59. ValiantValiant
    60. Converter ×4
    61. ValiantValiant
    62. Converter
    63. FinchFinch ×2
    64. Converter
    65. FinchFinch ×4
    66. ValiantValiant
    67. Converter
    68. ValiantValiant ×3
    69. FinchFinchfor Geo sea
    70. FinchFinch ×2
    71. Converter
    72. FinchFinch ×2
    73. ValiantValiant ×2
    74. Converter
    75. ValiantValiant ×3
    76. Converter
    77. ValiantValiant ×5
    78. Converter
    79. ValiantValiant ×5
    80. Converter
    81. ValiantValiant ×6
    82. Converter
    83. ValiantValiant ×5
    84. Converter
    85. ValiantValiant
    86. Bot LabBot Labdone 14:44
    87. ValiantValiant ×3
    88. Fusion ReactorFusion
    89. ValiantValiant
    90. Construction BotCon bot
    91. Converter
    92. ValiantValiant
    93. Construction BotCon bot
    94. ValiantValiant
    95. Construction BotCon bot
    96. ValiantValiant
    97. Converter

Counts are medians over the build's games: half of them build more, half fewer. The example game is nhs_lover's (32 OS, 14/09/2026); pick another.

Team trades

IN AT LEAST 30% OF ITS GAMES

You hand over

  • Finch2 Finch to Geo sea or Beach seafirst at 1:51 · in 96% of games
  • Hercules3 Light transport to Tech or Geo sea or Beach seafirst at 2:06 · in 99% of games
  • Hephaestus1 Heavy transport to Beach sea or Pond or Techfirst at 2:23 · in 72% of games

You get

  • Wind Turbine3 Wind from Beach sea or Geo seafirst at 1:37 · in 64% of games
  • Wind Turbine3 Wind from Beach sea or Geo sea or Pondfirst at 1:42 · in 47% of games
  • Construction Bot1 Con bot from Techfirst at 2:22 · in 88% of games
  • Advanced Construction Bot1 T2 con bot from Techfirst at 6:05 · in 96% of games

How it plays out

Typical game of this build, running totals by minute

Metal produced

010k20k30k
0:005:0010:0015:00

metal

Enemy metal destroyed

01k2k
0:005:0010:0015:00

metal

Own metal lost

01k2k3k
0:005:0010:0015:00

metal

1790 games.

Show as table
ByMetal produced: This buildEnemy metal destroyed: This buildOwn metal lost: This build
1:0039200
2:0092300
3:00145600
4:002053051
5:0027635173
6:003712102124
7:005087146167
8:006902190219
9:009285231273
10:0011760292386
11:0014377374540
12:0017071517781
13:00198517811112
14:002267412691690
15:002569318242435
WHAT THE NUMBERS SAY

Standard air play wins less than half its games, with very low combat losses and kills since the role mostly supports rather than fights.

  • + Own metal lost stays very low, only 2701 by 15:00.
  • + Metal production reaches 25740 by 15:00, a strong support economy.
  • − Team wins under half of games (47%).
  • − Enemy metal destroyed stays low at 2097 by 15:00, showing little direct impact.
THE EXAMPLE YOU ARE READING

nhs_lover

31.7 OS · 14/09/2026

Open source match ↗

4 received units · includes a constructor
199 metal received · 45952 energy received

Allied construction assistance is unknown. Timings are observations, not a promise of solo reproducibility.

Typical milestones

Aircraft Plant1:26Middle 50%: 1:14–1:35 · n=1790
Advanced Metal Extractor6:54Middle 50%: 6:27–7:26 · n=1731
Fusion Reactor10:53Middle 50%: 9:45–12:17 · n=1146

Played most by

TheGeneraI113games of this buildDad_The_Speedrunner72games of this buildHunfore62games of this buildMilkdragon52games of this buildAdeus50games of this build